 Dungeon Crawl Stone Soup version 0.21-a0-507-ga8f6b7a (webtiles) character file.

4140 Lavandula the Cutter (level 10, 0/76 HPs)
             Began as a Mummy Chaos Knight on Nov 27, 2017.
             Slain by a yak (9 damage)
             ... on level 9 of the Dungeon.
             The game lasted 00:32:05 (10483 turns).

Lavandula the Cutter (Mummy Chaos Knight)          Turns: 10483, Time: 00:32:06

Health: 0/76       AC:  7    Str: 17    XL:     10   Next: 7%
Magic:  17/17      EV: 13    Int: 13    God:    Xom [..*...]
Gold:   516        SH:  0    Dex: 12    Spells: 14/19 levels left

rFire    . . .     SeeInvis .   y - +3 dagger (venom)
rCold    + . .     Gourm    .   (no shield)
rNeg     + + +     Faith    +   e - +2 leather armour {rF+}
rPois    ∞         Spirit   .   (no helmet)
rElec    .         Reflect  .   (no cloak)
rCorr    .         Harm     .   i - +0 pair of gloves
MR       +....                  u - +0 pair of boots
Stlth    ++........             d - amulet of faith
HPRegen  0.22/turn              m - ring of stealth
MPRegen  0.15/turn              (no ring)

@: no status effects
A: no food or potions, fire vulnerability, cold resistance 1, negative energy
resistance 3, torment resistance, unbreathing
a: Renounce Religion


You were on level 9 of the Dungeon.
You worshipped Xom.
You were a toy of Xom.
You were not hungry.

You visited 1 branch of the dungeon, and saw 9 of its levels.

You collected 516 gold pieces.

Inventory:

Hand Weapons
 a - a +0 spear of chaos
 c - a +0 trident
 o - a +2 rapier of venom
 s - a +5 spear of freezing
 v - a +2 dagger of draining
 w - a -1 dagger
 y - a +3 dagger of venom (weapon)
 H - a +4 rapier
Missiles
 g - 3 curare-tipped needles
 q - 93 arrows
Armour
 e - a +2 leather armour of fire resistance (worn)
 i - a +0 pair of gloves (worn)
 j - a cursed +0 ring mail
 u - a +0 pair of boots (worn)
Magical Staves
 h - an uncursed staff of energy
Jewellery
 b - an uncursed ring of see invisible {unknown}
 d - an amulet of faith (around neck)
 m - a ring of stealth (left hand)
 n - an uncursed ring of resist corrosion
 p - the ring of the Genius {Fire MR+ Int+4}
   (Xom gifted it to you on level 5 of the Dungeon)

   [ring of fire]

   It enhances your fire magic.
   It affects your intelligence (+4).
   It protects you from fire.
   It makes you vulnerable to cold.
   It affects your resistance to hostile enchantments.
 r - an uncursed ring of magical power
 x - an uncursed ring of wizardry {unknown}
 z - an uncursed amulet of the gourmand {unknown}
Wands
 J - a wand of iceblast (11)
 K - a wand of polymorph (8)
Scrolls
 k - 2 scrolls of immolation
 l - a scroll of amnesia
 t - a scroll of random uselessness
 A - a scroll of fog
 E - 2 scrolls of teleportation
 F - a scroll of noise {unknown}
 I - a scroll of enchant armour {unknown}
Books
 f - a book of Changes

   Spells                             Type                      Level
   a - Beastly Appendage              Transmutation                1
   b - Sticks to Snakes               Transmutation                2
   c - Spider Form                    Transmutation/Poison         3
   d - Ice Form                       Ice/Transmutation            4
   e - Blade Hands                    Transmutation                5
 C - a book of Debilitation

   Spells                             Type                      Level
   a - Corona                         Hexes                        1
   b - Slow                           Hexes                        2
   c - Inner Flame                    Hexes/Fire                   3
   d - Portal Projectile              Hexes/Translocation          3
   e - Cause Fear                     Hexes                        4
   f - Leda's Liquefaction            Hexes/Earth                  4
 G - a book of Clouds

   Spells                             Type                      Level
   a - Poisonous Vapours              Poison/Air                   2
   b - Mephitic Cloud                 Conjuration/Poison/Air       3
   c - Conjure Flame                  Conjuration/Fire             3
   d - Freezing Cloud                 Conjuration/Ice/Air          6
   e - Ring of Flames                 Charms/Fire                  7


   Skills:
 - Level 6.1 Fighting
 - Level 7.3 Short Blades
 - Level 5.4 Polearms
 - Level 1.5 Armour
 - Level 3.5 Dodging
 - Level 5.1 Spellcasting
 + Level 1.7 Conjurations
 - Level 3.0 Transmutations
 + Level 1.5 Air Magic
 + Level 1.6 Poison Magic


You had 14 spell levels left.
You knew the following spells:

 Your Spells              Type           Power        Failure   Level  Hunger
a - Sticks to Snakes      Tmut           ##......     10%         2    N/A
b - Mephitic Cloud        Conj/Pois/Air  #.......     32%         3    N/A

Dungeon Overview and Level Annotations

Branches:
Dungeon (9/15)             Temple (0/1) D:7
   Lair: D:8-11         Orc: D:9-12

Altars:
Ashenzari
Hepliaklqana
Makhleb
Nemelex Xobeh
Qazlal
Sif Muna
Uskayaw
Wu Jian
Xom
Yredelemnul
The Shining One

Annotations:
D:1 Natasha
D:7 Salmacis's ghost, novice GrEE
D:8 Erica


Innate Abilities, Weirdness & Mutations

You do not eat or drink.
Your flesh is vulnerable to fire.
You are immune to poison.
Your flesh is cold resistant. (rC+)
You are immune to negative energy. (rN+++)
You are immune to unholy pain and torment.
You can survive without breathing.


Message History

Okay, then.
Unknown command.
As you read the scroll of fear, it crumbles to dust.
You assume a fearsome visage.
The black bear looks frightened!
The hound skeleton is unaffected.
The orc warrior looks frightened!
Your surroundings suddenly seem different.
Xom thinks this is hilarious!
A yak comes into view.
The yak bellows! x2
Found a hand crossbow and a meat ration.
Found a stone staircase leading down.
A porcupine and a centaur come into view.
The yak gores the plant.
There is a stone staircase leading down here.
Unknown command.
Okay, then.
The porcupine bites the fungus!
The yak gores the fungus!
The centaur closely misses you. The yak gores you!
You die...
Xom is highly amused!

#.# ####o### #..os..###
#....<...###
#.....##.#...
#............
#.....#.#...####
#.....#.###....#####
#.....# #...@........
..............cY.P.....#
#.........#P..P..P.).%##
.............P..r.PP....
##............PPPP...P#.
#...........P.Y.PP.....
#..........PP..PP.P....
...PP.P.P.PPP..


You could see 2 yaks, a centaur and a porcupine (wandering).

Vanquished Creatures
  Prince Ribbit (D:6)
  A redback (D:6)
  Eustachio (D:4)
  A naga (D:7)
  3 orc warriors
  A sky beast (D:8)
  A black bear (D:9)
  2 centaurs
  2 ogres
  2 bullfrogs
  A big kobold (D:7)
  A wyvern zombie (D:4)
  A wyvern skeleton (D:7)
  A scorpion (D:6)
  The ghost of arkorax the Skirmisher, a weakling DsAK of Lugonu (D:3)
  A howler monkey (D:4)
  5 crimson imps
  A bullfrog zombie (D:9)
  3 hounds
  5 orc priests
  A centaur skeleton (D:7)
  A jelly (D:7)
  A bullfrog skeleton (D:8)
  2 iguanas
  9 orc wizards
  Natasha (twice) (D:1)
  2 worker ants
  A howler monkey zombie (D:6)
  A howler monkey skeleton (D:5)
  4 gnolls
  11 adders
  A river rat (D:5)
  2 shadow imps
  An ooze (D:3)
  2 adder skeletons
  3 worms
  3 dart slugs (D:1)
  6 leopard geckos
  22 orcs
  A ball python (D:4)
  7 giant cockroaches
  7 hobgoblins
  8 jackals
  2 quokkas
  A bat (shapeshifter) (D:1)
  6 bats
  8 frilled lizards
  6 goblins
  10 kobolds
  A quokka skeleton (D:7)
  11 rats
178 creatures vanquished.

Vanquished Creatures (collateral kills)
  A two-headed ogre (D:8)
  Pikel (D:7)
  A shadow (D:6)
  An ice beast (D:6)
  An ogre (D:4)
  A crocodile (D:4)
  A scorpion (D:6)
  A howler monkey (D:6)
  5 wights (D:6)
  A hound (D:6)
  2 orc priests (D:6)
  An iguana (D:6)
  An adder (D:6)
  An adder skeleton (D:6)
  An adder zombie (D:6)
  6 orcs
  A quokka (D:4)
27 creatures vanquished.

Vanquished Creatures (others)
  A slave (D:7)
  An ogre (D:5)
  A howler monkey (D:7)
  A hound (D:5)
  A fungus (D:9)
5 creatures vanquished.

Grand Total: 210 creatures vanquished

Notes
Turn   | Place    | Note
-------+----------+-------------------------------------------
     0 | D:1      | Lavandula the Mummy Chaos Knight began the quest for the Orb.
     0 | D:1      | Reached XP level 1. HP: 18/18 MP: 1/1
   173 | D:1      | Reached XP level 2. HP: 16/24 MP: 2/2
   317 | D:1      | XOM: harmless Air miscast
   360 | D:1      | XOM: cloud trail
   613 | D:1      | XOM: harmless Air miscast
   623 | D:1      | Found a sparkling altar of Nemelex Xobeh.
   738 | D:1      | XOM: harmless Summ miscast
   859 | D:1      | Reached XP level 3. HP: 29/29 MP: 3/3
   980 | D:2      | Noticed Natasha
   983 | D:2      | XOM: smoke on damage
   986 | D:1      | Killed Natasha
  1097 | D:1      | XOM: divination: magic mapping
  1182 | D:1      | XOM: silly message
  1276 | D:1      | Noticed Natasha
  1287 | D:1      | Killed Natasha
  1287 | D:1      | Reached XP level 4. HP: 21/35 MP: 4/4
  1453 | D:1      | XOM: god gift: curved smoking staff {god gift}
  1591 | D:2      | XOM: silly message
  1659 | D:2      | XOM: noise
  1745 | D:1      | XOM: harmless Chrm miscast
  2079 | D:2      | Found an ornate altar of the Wu Jian Council.
  2307 | D:3      | Noticed arkorax's ghost (weakling DsAK)
  2313 | D:3      | XOM: blink monster(s)
  2318 | D:3      | XOM: potion effect (haste)
  2358 | D:3      | XOM: enchant monster (bad)
  2378 | D:3      | Killed arkorax's ghost
  2378 | D:3      | Reached skill level 5 in Polearms
  2378 | D:3      | Reached XP level 5. HP: 28/41 MP: 5/5
  2384 | D:3      | Found a stormy altar of Qazlal.
  2453 | D:3      | XOM: 1-stop teleportation journey
  2539 | D:2      | Reached skill level 1 in Dodging
  2605 | D:1      | XOM: summons 1 hostile demon
  2673 | D:1      | Noticed Natasha
  2678 | D:1      | Natasha changed into Natasha the iguana
  2688 | D:1      | Noticed Natasha
  2688 | D:1      | Natasha the killer bee changed into Natasha the steam dragon
  2690 | D:1      | Noticed Natasha
  2690 | D:1      | Natasha the steam dragon changed into Natasha the polar bear
  2710 | D:2      | XOM: harmless Tmut miscast
  2881 | D:3      | XOM: 2-stop teleportation journey
  2946 | D:3      | XOM: summons 5 friendly demons
  3350 | D:3      | Found a deep blue altar of Sif Muna.
  3518 | D:4      | Noticed a phantom
  3524 | D:4      | XOM: confusion
  3611 | D:4      | Reached XP level 6. HP: 36/47 MP: 6/6
  3620 | D:4      | Learned a level 2 spell: Sticks to Snakes
  3909 | D:4      | XOM: 1-stop teleportation journey
  3923 | D:4      | XOM: god gift: 25 gold pieces
  3943 | D:4      | XOM: enchant monster (good)
  3992 | D:4      | XOM: potion effect (agility)
  3995 | D:4      | XOM: cast spell 'Summon Butterflies'
  4005 | D:4      | XOM: summons 3 friendly demons
  4037 | D:4      | XOM: cloud trail
  4044 | D:4      | XOM: summons 2 hostile demons
  4093 | D:3      | XOM: summons 1 hostile demon
  4125 | D:3      | XOM: scenery: create altars
  4216 | D:4      | XOM: smoke on damage
  4324 | D:4      | XOM: confuse monster(s)
  4329 | D:4      | XOM: divination: detect items
  4330 | D:4      | XOM: summons 2 friendly demons
  4413 | D:4      | XOM: cloud trail
  4433 | D:4      | XOM: divination: detect items
  4455 | D:4      | XOM: destruction
  4601 | D:4      | XOM: cloud trail
  4607 | D:4      | XOM: scenery: create altars
  4616 | D:4      | Noticed Eustachio
  4628 | D:4      | Killed Eustachio
  4628 | D:4      | Reached XP level 7. HP: 52/52 MP: 1/7
  4696 | D:4      | XOM: 7-stop teleportation journey
  4800 | D:5      | Entered Level 5 of the Dungeon
  4807 | D:5      | XOM: scenery: create altars
  5263 | D:5      | XOM: divine lightning
  5390 | D:4      | XOM: harmless Erth miscast
  5468 | D:5      | Found a burning altar of Makhleb.
  5468 | D:5      | Found a hazy altar of Hepliaklqana.
  5542 | D:5      | XOM: 6-stop teleportation journey
  5786 | D:5      | Reached skill level 1 in Short Blades
  5913 | D:5      | XOM: 7-stop teleportation journey
  6142 | D:5      | XOM: god gift: smoking marble ring {god gift}
  6143 | D:5      | Got a smoking marble ring {god gift}
  6158 | D:5      | XOM: divination: detect creatures
  6162 | D:5      | XOM: divination: detect items
  6167 | D:5      | XOM: fog
  6172 | D:5      | XOM: divine lightning
  6173 | D:5      | XOM: divination: magic mapping
  6297 | D:6      | XOM: cast spell 'Summon Dragon'
  6299 | D:6      | Reached skill level 2 in Short Blades
  6309 | D:6      | Noticed a shadow
  6312 | D:6      | Reached XP level 8. HP: 58/58 MP: 8/8
  6312 | D:6      | XOM: butterfly on damage
  6314 | D:6      | Reached skill level 3 in Short Blades
  6464 | D:6      | XOM: polymorph quicksilver dragon -> caustic shrike
  6530 | D:6      | Reached skill level 4 in Short Blades
  6726 | D:6      | XOM: summons 4 hostile demons
  6846 | D:6      | XOM: medium Tloc miscast
  7076 | D:6      | Noticed a deep elf mage
  7077 | D:6      | XOM: confuse monster(s)
  7079 | D:6      | a deep elf mage changed into a redback
  7079 | D:6      | XOM: polymorph deep elf mage -> redback
  7087 | D:6      | Reached skill level 5 in Fighting
  7138 | D:6      | XOM: god gift: 54 gold pieces
  7350 | D:7      | Identified the ring of the Genius {Fire MR+ Int+4} (Xom gifted it to you on level 5 of the Dungeon)
  7413 | D:7      | XOM: summons friendly ufetubus
  7453 | D:7      | XOM: smoke on damage
  7601 | D:7      | XOM: cloud trail
  7616 | D:7      | XOM: mild Air miscast
  7711 | D:7      | XOM: potion effect (brilliance)
  7720 | D:6      | XOM: mild Erth miscast
  7907 | D:7      | Noticed Prince Ribbit
  7911 | D:7      | XOM: cast spell 'Call Canine Familiar'
  7921 | D:6      | XOM: confusion (+ monsters)
  7928 | D:6      | Killed Prince Ribbit
  7928 | D:6      | Reached skill level 5 in Short Blades
  8113 | D:7      | XOM: repel stairs
  8118 | D:7      | Noticed Salmacis's ghost (novice GrEE)
  8119 | D:7      | Reached XP level 9. HP: 48/69 MP: 9/9
  8132 | D:7      | XOM: medium Air miscast
  8186 | D:7      | XOM: stat loss: -1 Str (15/16)
  8188 | D:7      | XOM: cleaving
  8509 | D:7      | XOM: blink monster(s)
  8699 | D:7      | XOM: harmless Chrm miscast
  8715 | D:7      | XOM is BORED!
  8715 | D:7      | XOM: swap monsters
  8736 | D:7      | XOM: swap monsters
  8787 | D:7      | XOM: enchant monster (bad)
  8895 | D:7      | Reached skill level 6 in Short Blades
  8898 | D:7      | XOM: summons 4 hostile demons
  8905 | D:7      | XOM: confuse monster(s)
  9110 | D:7      | Found a staircase to the Ecumenical Temple.
  9117 | D:7      | XOM: polymorph slave -> naga
  9125 | D:7      | XOM: scenery: create altars
  9179 | D:7      | Found a shattered altar of Ashenzari.
  9209 | D:7      | Noticed Pikel
  9211 | D:7      | XOM: cleaving
  9229 | D:7      | XOM: scenery: 1 doors close
  9230 | D:7      | XOM: summons 9 friendly demons
  9244 | D:7      | Killed Pikel
  9324 | D:7      | XOM: scenery: create altars
  9344 | D:7      | Found a glowing golden altar of the Shining One.
  9346 | D:7      | Noticed an angel
  9398 | D:7      | Reached skill level 7 in Short Blades
  9508 | D:7      | Found a basalt altar of Yredelemnul.
  9510 | D:7      | Noticed a profane servitor
  9526 | D:7      | XOM: polymorph freed slave -> blink frog
  9773 | D:7      | XOM: divination: magic mapping
  9839 | D:8      | Found a hide-covered altar of Uskayaw.
  9845 | D:8      | Learned a level 3 spell: Mephitic Cloud
  9912 | D:8      | Noticed a two-headed ogre
  9920 | D:8      | XOM: enchant monster (good)
  9934 | D:8      | Killed a two-headed ogre
  9934 | D:8      | Reached skill level 5 in Spellcasting
  9962 | D:8      | XOM: 1-stop teleportation journey
 10096 | D:8      | XOM: confuse monster(s)
 10170 | D:8      | Reached skill level 1 in Conjurations
 10170 | D:8      | Reached skill level 1 in Air Magic
 10170 | D:8      | Reached skill level 1 in Poison Magic
 10221 | D:8      | Noticed Erica
 10221 | D:8      | XOM: 1-stop teleportation journey
 10304 | D:8      | Reached XP level 10. HP: 49/76 MP: 17/17
 10402 | D:9      | XOM: blink monster(s)
 10483 | D:9      | Slain by a yak

Vault maps used:
D:1:      matt_arrival_grand_opening, st_stairs_5,
          nemelex_xobeh_ov_fountains_minmay
D:2:      overflow_temple_1_default, first_bread, uniq_natasha
D:3:      nicolae_overflow_hidden_temple, nicolae_qazlal_eye_of_the_storm
D:4:      uniq_eustachio
D:5:      gammafunk_temple_overflow_wave
D:6:      guppyfry_early_elven_hall
D:7:      grunt_temple_overflow_holy_war, ashenzari_conservatory_becter,
          minmay_temple_entry_statues_fountains, uniq_prince_ribbit1, uniq_pikel
D:8:      eat_drink_and_be_merry_uskayaw, uniq_erica
D:9:      due_lair_maze_entry_diamond

Skill      XL: |  1  2  3  4  5  6  7  8  9 |
---------------+----------------------------+-----
Polearms       | 3 4 5 |  5.4
Dodging        | 2 3 |  3.5
Transmutations | 2 3 |  3.0
Short Blades   | 2 5 7 |  7.3
Fighting       | 6 |  6.1
Spellcasting   | 5 |  5.1
Conjurations   | 1 |  1.7
Air Magic      | 1 |  1.5
Poison Magic   | 1 |  1.6
Armour         | |  1.5

Action                   |  1- 3 |  4- 6 |  7- 9 | 10-12 || total
-------------------------+-------+-------+-------+-------++-------
Melee: Spear             |    83 |   352 |   257 |    11 ||   703
       Rapier            |       |       |    82 |       ||    82
       Dagger            |       |       |   118 |    25 ||   143
 Cast: Sticks to Snakes  |       |       |     5 |       ||     5
       Mephitic Cloud    |       |       |     1 |       ||     1
  Use: Scroll            |     1 |     6 |     7 |     3 ||    17
 Stab: Sleeping          |     2 |     3 |     5 |       ||    10
       Petrifying        |       |     3 |       |       ||     3
       Confused          |       |     2 |     5 |       ||     7
       Petrified         |       |     5 |     1 |       ||     6
       Paralysed         |       |     7 |     2 |       ||     9
       Distracted        |       |     2 |       |     1 ||     3
Armor: Leather armour    |    15 |    55 |    94 |    15 ||   179
Dodge: Dodged            |    30 |   137 |   212 |    23 ||   402

Table legend:
 A = Spawn XP
 B = Non-spawn XP
 C = Spawn XP percentage of total XP
 D = Spawn monster count
 E = Non-spawn monster count
 F = Spawn count percentage of total count
 G = Total turns spent on level
                    A         B        C        D         E        F      G
               +---------+---------+-------+---------+---------+-------+---------
         Total |       0 |    5915 |   0.0 |       0 |     205 |   0.0 | 10483
               +---------+---------+-------+---------+---------+-------+---------
           D:1 |       0 |     110 |   0.0 |       0 |      28 |   0.0 |  1724
           D:2 |       0 |      88 |   0.0 |       0 |      21 |   0.0 |   960
           D:3 |       0 |     150 |   0.0 |       0 |      23 |   0.0 |  1214
           D:4 |       0 |     546 |   0.0 |       0 |      14 |   0.0 |   927
           D:5 |       0 |     381 |   0.0 |       0 |      21 |   0.0 |  1529
           D:6 |       0 |    1171 |   0.0 |       0 |      33 |   0.0 |  1283
           D:7 |       0 |    1663 |   0.0 |       0 |      45 |   0.0 |  2137
           D:8 |       0 |    1551 |   0.0 |       0 |      17 |   0.0 |   622
           D:9 |       0 |     255 |   0.0 |       0 |       3 |   0.0 |    87
               +---------+---------+-------+---------+---------+-------+---------
